Map: [ESL] Cosmic Sapphire

Players

Strange

  • Race: Protoss Protoss
  • Spawn Location: 11:00

Spirit - Winner!

  • Race: Terran Terran
  • Spawn Location: 5:00

Event: DreamHack SC2 Masters 2022 Atlanta (Online)

VOD

Have the link to the VOD?

Description

Time

  • Played on: Sept. 30, 2022, 12:20 p.m.
  • Length: 6:24

All games in this series

Show
View Real Time Build Order
Export as new Build Order

Strange Protoss 

Build Orders: 1 Gate Expand, Blink Stalkers 

Get SALT Encoding   

  12  0:00  Probe  
  13  0:12  Probe  
  14  0:18  Pylon  
  14  0:24  Probe (Chrono Boost)  
  15  0:36  Gateway  
  15  0:37  Probe (Chrono Boost)  
  16  0:43  Probe (Chrono Boost)  
  16  0:46  Assimilator  
  17  0:51  Probe  
  18  1:03  Probe  
  19  1:15  Probe  
  20  1:21  Nexus  
  20  1:32  Cybernetics Core  
  20  1:34  Probe  
  21  1:40  Assimilator  
  21  1:46  Probe  
  22  1:48  Pylon  
  22  1:58  Probe  
  23  2:05  Adept (Chrono Boost)  
  25  2:08  Warp Gate  
  25  2:11  Probe  
  26  2:23  Probe  
  26  2:25  Twilight Council  
  26  2:30  Stalker (Chrono Boost)  
  26  2:34  Probe (Chrono Boost)  
  30  2:40  Probe (Chrono Boost)  
  31  2:44  Probe (Chrono Boost)  
  31  2:48  Probe (Chrono Boost)  
  31  2:49  Probe (Chrono Boost)  
  32  2:59  Probe  
  32  3:01  Probe  
  32  3:04  Blink (Chrono Boost)  
  34  3:11  Probe  
  35  3:13  Probe, Stalker  
  38  3:23  Probe (Chrono Boost)  
  38  3:26  Probe (Chrono Boost)  
  37  3:35  Probe (Chrono Boost)  
  37  3:37  Gateway  
  37  3:38  Gateway  
  37  3:40  Robotics Facility  
  39  3:42  Probe (Chrono Boost)  
  39  3:43  Probe (Chrono Boost)  
  40  3:49  Probe, Pylon  
  40  3:50  Probe  
  42  3:58  Assimilator  
  42  4:01  Probe  
  42  4:02  Probe  
  44  4:04  Stalker  
  46  4:13  Probe  
  47  4:18  Gateway  
  47  4:19  Gateway  
  47  4:20  Gateway  
  47  4:22  Pylon  
  47  4:28  Observer (Chrono Boost)  
  47  4:30  Pylon  
  48  4:33  Stalker x2  
  48  4:37  Stalker  
  53  4:47  Warp Prism (Chrono Boost)  
  55  4:53  Probe  
  55  4:57  Stalker  
  58  5:00  Stalker  
  58  5:04  Stalker  
  62  5:13  Stalker  
  64  5:18  Pylon  
  64  5:19  Observer  
  64  5:37  Observer  
  64  5:38  Stalker x4  
  64  5:39  Stalker x2  
  64  6:06  Zealot x6  
Show
View Real Time Build Order
Export as new Build Order

Spirit Terran - Winner!

Build Orders:  

Get SALT Encoding   

  12  0:00  SCV  
  13  0:12  SCV  
  14  0:17  Supply Depot  
  14  0:24  SCV  
  15  0:39  SCV  
  15  0:40  Barracks  
  16  0:44  Refinery  
  16  0:51  SCV  
  17  1:03  SCV  
  18  1:15  SCV  
  19  1:27  Orbital Command, Marine  
  20  1:44  Command Center  
  20  1:45  Reaper  
  21  1:53  SCV  
  22  1:56  Supply Depot  
  22  2:05  SCV  
  22  2:07  Factory  
  23  2:13  Bunker  
  23  2:18  SCV  
  23  2:21  Barracks Reactor  
  24  2:23  Refinery  
  24  2:30  SCV  
  25  2:42  SCV  
  26  2:53  Hellion, Starport  
  26  2:54  SCV  
  26  2:56  Orbital Command  
  29  2:59  Marine  
  29  3:03  Marine  
  31  3:06  SCV  
  32  3:17  Widow Mine  
  32  3:18  SCV, Marine  
  36  3:21  Marine  
  36  3:25  SCV  
  38  3:31  SCV  
  38  3:33  Medivac  
  40  3:35  Supply Depot  
  40  3:38  SCV  
  40  3:39  Widow Mine  
  40  3:40  Marine  
  44  3:43  SCV  
  45  3:50  SCV  
  45  3:51  Supply Depot  
  46  3:56  SCV  
  46  3:59  Marine x2  
  46  4:00  Factory Tech Lab  
  46  4:02  SCV  
  50  4:03  Starport Tech Lab  
  50  4:08  SCV  
  51  4:14  SCV  
  50  4:19  Siege Tank  
  50  4:20  SCV  
  50  4:23  Barracks  
  54  4:24  Marine x2  
  54  4:27  SCV  
  54  4:28  Refinery  
  59  4:32  SCV  
  59  4:36  Barracks  
  60  4:39  SCV  
  60  4:45  SCV  
  60  4:46  Engineering Bay  
  60  4:50  Bunker  
  60  4:51  Bunker  
  60  4:57  Siege Tank  
  60  5:00  SCV x2  
  60  5:04  Supply Depot  
  62  5:10  Supply Depot  
  62  5:17  Missile Turret  
  62  5:24  Barracks Tech Lab  
  62  5:26  SCV x2, Marauder, Marine x2  
  62  5:27  Starport Reactor  
  68  5:30  Supply Depot  
  68  5:31  Siege Tank  
  71  5:38  SCV x2  
  71  5:40  Refinery  
  71  5:42  Marine  
  74  5:44  Marine x2  
  74  5:47  Marine  
  77  5:50  SCV  
  76  6:00  Marine  
  76  6:01  Marine  
Tags
 
Add a new tag
Caveats
  • Supply blocks, unpowered buildings, or Contaminate may cause inaccurate times.
  • Supply counts are checked every 10 seconds.